 Dungeon Crawl Stone Soup version 0.17-a0-1092-gc664a5b (webtiles) character file.

37 Mortvert the Insei (level 3, -1/29 HPs)
             Began as a Demigod Transmuter on May 20, 2015.
             Slain by a worm (12 damage)
             ... on level 2 of the Dungeon.
             The game lasted 00:07:28 (1748 turns).

Mortvert the Insei (Demigod Transmuter)             Turns: 1748, Time: 00:07:28

Health: -1/29      AC:  3    Str: 13    XL:     3   Next: 8%
Magic:  7/8        EV: 13    Int: 17    God:
Gold:   103        SH:  0    Dex: 18    Spells: 1 memorised, 4 levels left

rFire  . . .     SeeInvis .       - Unarmed
rCold  . . .     Clarity  .     b - +0 robe
rNeg   . . .     SustAb   +     (no shield)
rPois  .         Gourm    +     (no helmet)
rElec  .         Spirit   .     (no cloak)
rCorr  .         Warding  .     f - +0 pair of gloves
rMut   .         Stasis   .     (no boots)
MR     .....                    h - amulet of the gourmand
Stlth  ++........               (no ring)
                                (no ring)

@: very slightly contaminated, not resistant to hostile enchantments, unstealthy
A: high mp 1, sustain abilities
a: no special abilities


You were on level 2 of the Dungeon.
You were not hungry.

You visited 1 branch of the dungeon, and saw 2 of its levels.

You collected 103 gold pieces.

Inventory:

Armour
 b - a +0 robe (worn)
 f - a +0 pair of gloves (worn)
Jewellery
 h - an amulet of the gourmand (around neck)
 j - a cursed amulet of inaccuracy {unknown}
Scrolls
 a - a scroll of identify
 k - a scroll of amnesia {unknown}
 l - a scroll of enchant armour {unknown}
Books
 c - a book of Changes

   Spells                             Type                      Level
   a - Beastly Appendage              Transmutation                1
   b - Sticks to Snakes               Transmutation                2
   c - Spider Form                    Transmutation/Poison         3
   d - Ice Form                       Ice/Transmutation            4
   e - Blade Hands                    Transmutation                5
Comestibles
 d - a bread ration
 g - a meat ration


   Skills:
 + Level 1.7 Fighting
 + Level 2.4 Dodging
 + Level 2.9 Unarmed Combat
 - Level 1.8 Spellcasting
 + Level 2.0 Transmutations


You had 4 spell levels left.
You knew the following spells:

 Your Spells              Type           Power        Failure   Level  Hunger
a - Beastly Appendage     Trmt           #.....       12%         1    #......


Dungeon Overview and Level Annotations

Branches:
Dungeon (2/15)


Innate Abilities, Weirdness & Mutations

You have an increased reservoir of magic (+10% MP).
Your attributes are resistant to harm.


Message History

The worm is moderately wounded.
The giant gecko misses you.
You barely miss the worm.
The worm is moderately wounded.
The giant gecko bites you but does no damage.
The worm closely misses you.
You hit the worm but do no damage.
The worm is moderately wounded.
The giant gecko closely misses you.
You hit the worm.
The worm is heavily wounded.
The giant gecko bites you. The worm bites you but does no damage.
You hit the worm.
The worm is heavily wounded.
The giant gecko bites you.
You hit the worm but do no damage.
The worm is heavily wounded.
The giant gecko bites you but does no damage.
The worm bites you!
You die...

........................... ....
.....#.##........................
.....#.##.........###............
#'#.....#........## #.#######...
........#......((# .# ....
........#####..((# . .....
...†....##....#'## . #..
........##...##lw## #. #..
#.#.....##...#..@.+ #....#..
..#.)........#..?.# #....##.
..#..........##(.### #....##.
..#...........####.# #....##.
..#................## ##.......
..###+#.........#...#####........
..# #.........##.#.............
..# #.........##.###.#..<......
..# #.........##.# #.##........


You could see a worm and a giant gecko.

Vanquished Creatures
  A worm (D:2)
  An orc (D:2)
  5 goblins
  A hobgoblin (D:2)
  4 jackals (D:1)
  6 kobolds
  A quokka (D:2)
  4 bats (D:2)
  3 giant cockroaches
  A giant gecko (D:1)
  2 giant newts
  3 rats (D:2)
32 creatures vanquished.

Notes
Turn   | Place    | Note
--------------------------------------------------------------
     0 | D:1      | Mortvert the Demigod Transmuter began the quest for the Orb.
     0 | D:1      | Reached XP level 1. HP: 15/15 MP: 5/5
    74 | D:1      | Reached skill level 1 in Fighting
   325 | D:1      | Reached XP level 2. HP: 12/23 MP: 5/7
  1376 | D:2      | Reached XP level 3. HP: 20/29 MP: 6/8
  1748 | D:2      | Slain by a worm

Vault maps used:
D:1:      dpeg_arrival_lava_altar
D:2:      first_bread, minmay_joined_circles

Action                   || total
-------------------------++-------
Melee: Unarmed           ||   115
 Cast: Beastly Appendage ||     6
  Use: Scroll            ||     6
  Eat: Chunk             ||     2
       Bread ration      ||     1
